 Dungeon Crawl Stone Soup version 0.23.2-30-g0e89c35649 (webtiles) character file.

Game seed: 2154358332891544080

171 Kairos the Skirmisher (level 5, -4/28 HPs)
             Began as a Vine Stalker Fighter on June 21, 2019.
             Slain by Natasha (7 damage)
             ... on level 2 of the Dungeon.
             The game lasted 00:02:45 (1686 turns).

Kairos the Skirmisher (Vine Stalker Fighter)        Turns: 1686, Time: 00:02:46

Health: -4/28      AC:  6    Str: 18    XL:     5   Next: 51%
Magic:  0/6        EV:  7    Int:  8    God:
Gold:   86         SH:  9    Dex: 15    Spells: 4/4 levels left

rFire    . . .     SeeInvis .   a - +0 rapier
rCold    . . .     Gourm    .   c - +0 shield
rNeg     . . .     Faith    .   b - +0 scale mail
rPois    .         Spirit   +   (no helmet)
rElec    .         Reflect  .   (no cloak)
rCorr    .         Harm     .   (no gloves)
MR       .....                  (no boots)
Stlth    ..........             (no amulet)
HPRegen  0.49/turn              (no ring)
MPRegen  0.10/turn              (no ring)

@: slowed, very slow
A: fangs 2, sense surroundings 1, regeneration 1, wild magic 1, magic shield,
antimagic bite, no potion heal 3, rot immunity
a: no special abilities


You were on level 2 of the Dungeon.
You were hungry.

You visited 1 branch of the dungeon, and saw 2 of its levels.

You collected 86 gold pieces.

Inventory:

Hand Weapons
 a - a +0 rapier (weapon)
Armour
 b - a +0 scale mail (worn)
 c - a +0 shield (worn)
Scrolls
 g - a scroll of fear {unknown}
 h - a scroll of fog {unknown}
 j - 2 scrolls of remove curse {unknown}
 k - a scroll of blinking {unknown}
Potions
 d - a potion of might
 e - a potion of lignification
 i - 2 potions of curing
Comestibles
 f - 3 rations


   Skills:
 + Level 3.4 Fighting
 + Level 3.3 Short Blades
 + Level 3.2 Armour
 + Level 0.1 Dodging
 + Level 3.2 Shields


You had 4 spell levels left.
You didn't know any spells.
Your spell library was empty.

Dungeon Overview and Level Annotations

Branches:
Dungeon (2/15)

Altars:

Annotations:
D:2 Natasha


Innate Abilities, Weirdness & Mutations

You have extremely sharp teeth.
Your natural rate of healing is unusually fast.
When hurt, damage is shared between your health and your magic reserves.
Your bite disrupts and absorbs the magic of your enemies.
Potions cannot restore your health.
You are immune to rotting.
You passively map a small area around you.
Your spells are a little harder to cast, but a little more powerful.


Message History

You block Natasha's attack. Natasha closely misses you.
You closely miss Natasha.
Natasha is lightly wounded.
You block Natasha's attack. x2
Your shield and scale mail prevent you from hitting Natasha.
Your bite misses Natasha.
Natasha is lightly wounded.
Natasha wildly gestures.
Natasha glows brightly for a moment.
Natasha claws you!
* * * LOW HITPOINT WARNING * * *
It was a potion of mutation.
You feel extremely strange.
You feel less in control of your magic.
You feel a strange attunement to the structure of the dungeons.
You block Natasha's attack. Natasha claws you.
* * * LOW HITPOINT WARNING * * *
You closely miss Natasha. Your bite misses Natasha.
Natasha is lightly wounded.
Natasha claws you!
You die...

##.........# #.#.#
........#..# ###)#.#
####.#.##..###.....#
#.#.##...)....###
#.#.##...##.#.########
#.....................
###........##.#######.
#........##.#
####.##...####@#
###.([.##...# #h#
.....#####.## #.# *
###..# #.# #.# ###..#
#.# #.# ..#..#
.#***#.# #.#..#####.#.
... , , ....(......<.
#.# * * ......####...


You could see Natasha.

Vanquished Creatures
  Natasha (twice) (D:2)
  4 gnolls
  2 adders (D:2)
  3 worms (D:2)
  3 dart slugs (D:2)
  2 giant cockroaches
  6 goblins
  7 hobgoblins (D:1)
  6 jackals
  7 kobolds
  A quokka (D:2)
  A ball python (D:1)
  3 bats
  6 rats
53 creatures vanquished.

Notes
Turn   | Place    | Note
-------+----------+-------------------------------------------
     0 | D:1      | Kairos the Vine Stalker Fighter began the quest for the
                  | Orb.
     0 | D:1      | Reached XP level 1. HP: 11/11 MP: 2/2
    56 | D:1      | Reached XP level 2. HP: 6/16 MP: 1/3
   262 | D:1      | Reached XP level 3. HP: 11/19 MP: 4/4
  1079 | D:1      | Gained mutation: Your natural rate of healing is unusually
                  | fast. [Vine Stalker growth]
  1079 | D:1      | Reached XP level 4. HP: 8/24 MP: 3/5
  1397 | D:2      | Noticed Natasha
  1407 | D:2      | Killed Natasha
  1407 | D:2      | Reached XP level 5. HP: 19/28 MP: 2/6
  1438 | D:2      | Noticed Natasha
  1442 | D:2      | Killed Natasha
  1674 | D:2      | Noticed Natasha
  1685 | D:2      | Gained mutation: Your spells are a little harder to cast,
                  | but a little more powerful. [potion of mutation]
  1685 | D:2      | Gained mutation: You passively map a small area around you.
                  | [potion of mutation]
  1686 | D:2      | Slain by Natasha

Skill      XL: |  1  2  3  4 |
---------------+-------------+-----
Short Blades   | 2 3 |  3.3
Shields        | 3 |  3.2
Fighting       | 3 |  3.4
Armour         | 3 |  3.2
Dodging        | |  0.1

Action                   |  1- 3 |  4- 6 || total
-------------------------+-------+-------++-------
Melee: Rapier            |   102 |    64 ||   166
       Bite              |    22 |    22 ||    44
  Use: Potion            |     1 |     1 ||     2
  Eat: Chunk             |       |     2 ||     2
Armor: Scale mail        |    35 |    18 ||    53
Dodge: Dodged            |    27 |    15 ||    42
Block: Shield            |    47 |    31 ||    78
